 Dungeon Crawl Stone Soup version 0.20.1-1-g8b1a95d (webtiles) character file.

235 Irenicus the Chopper (level 5, -2/46 HPs)
             Began as a Deep Dwarf Monk on Oct 28, 2017.
             Slain by an ogre
             ... wielding a cursed -1 giant club
              (16 damage)
             ... on level 3 of the Dungeon.
             The game lasted 00:12:40 (2749 turns).

Irenicus the Chopper (Deep Dwarf Monk)              Turns: 2749, Time: 00:12:41

Health: -2/46      AC:  5    Str: 13    XL:     5   Next: 76%
Magic:  4/4        EV: 11    Int: 10    God:
Gold:   251        SH:  0    Dex: 16    Spells: 4/4 levels left

rFire    + . .     SeeInvis .   a - +0 hand axe
rCold    . . .     Gourm    +   (no shield)
rNeg     . . .     Faith    .   e - +0 ring mail
rPois    .         Spirit   .   (no helmet)
rElec    .         Reflect  .   (no cloak)
rCorr    .         Harm     .   (no gloves)
MR       .....                  (no boots)
Stlth    +.........             l - amulet of the gourmand
Regen    0.0/turn               (no ring)
MPRegen  0.1/turn               (no ring)

@: non-regenerating, heavily drained
A: damage resistance, heal wounds, fire resistance 1, sense surroundings 1, weak
1, no regeneration
a: Heal Wounds


You were on level 3 of the Dungeon.
You were not hungry.

You visited 1 branch of the dungeon, and saw 4 of its levels.

You collected 251 gold pieces.

Inventory:

Hand Weapons
 a - a +0 hand axe (weapon)
Armour
 b - a +0 robe
 e - a +0 ring mail (worn)
Jewellery
 l - an amulet of the gourmand (around neck)
Scrolls
 h - a scroll of enchant weapon {unknown}
 i - 2 scrolls of amnesia
 m - 3 scrolls of remove curse {unknown}
 n - a scroll of fear {unknown}
 o - a scroll of blinking {unknown}
 p - 2 scrolls of random uselessness {unknown}
Potions
 g - a potion of flight
 k - a potion of mutation
Comestibles
 c - 4 bread rations
 d - 14 fruits
 f - a meat ration


   Skills:
 - Level 2.6(1.5) Fighting
 + Level 7.2(5.8) Axes
 - Level 3.2(2.0) Dodging
 - Level 2.4(1.2) Stealth


You had 4 spell levels left.
You didn't know any spells.

Dungeon Overview and Level Annotations

Branches:
Dungeon (4/15)
 Temple: D:4-7

Altars:
Hepliaklqana
Sif Muna
Zin


Innate Abilities, Weirdness & Mutations

You are resistant to damage.
You can heal yourself by infusing magical energy.
You passively map a small area around you.
You do not regenerate.
Your flesh is heat resistant. (rF+)
You are weak. (Str -2)


Message History

The ogre is heavily wounded.
The ogre misses you.
You barely miss the ogre.
The ogre is heavily wounded.
The ogre closely misses you.
You hit the ogre.
The ogre is heavily wounded.
The ogre misses you.
You hit the ogre.
The ogre is severely wounded.
You slash the ogre!
The ogre is almost dead.
The ogre misses you.
You hit the ogre but do no damage.
The ogre is almost dead.
The ogre hits you with a giant club!
You barely miss the ogre.
The ogre is almost dead.
The ogre hits you with a giant club!
You die...

########.#.##......# #.####
#.....##.#.##......###.....
#..^..##.#........##_####.#
#.....##.........##.#.##...
#......."..##....#.†.#.##.#
####'#......#....#.#...#..#
#)#.###..###.##..#.#####
#.#.# #O<.....##..## #.#.#
#@#####.#.#..## ####.#.#
#.# #.#..#..# #......# #.#
#.#...#.# #.##.### #.#
#.###..## ####.##.# #.#
#..##.## #.......#####.#
#.....# #.##.###......#
#.##### #....# #.###### #.#
###### #.# #.# #.#


You could see an ogre.

Vanquished Creatures
  The ghost of Quirk the Shield-Bearer, an amateur GrFi (D:3)
  An orc wizard (D:4)
  A worker ant (D:3)
  3 adders (D:2)
  An ooze (D:4)
  A worm (D:2)
  3 dart slugs
  2 leopard geckos
  2 orcs (D:4)
  2 ball pythons
  8 bats
  4 giant cockroaches
  10 goblins
  6 hobgoblins
  4 jackals (D:1)
  6 kobolds
  A frilled lizard (D:2)
  10 rats
66 creatures vanquished.

Notes
Turn   | Place    | Note
-------+----------+-------------------------------------------
     0 | D:1      | Irenicus the Deep Dwarf Monk began the quest for the Orb.
     0 | D:1      | Reached XP level 1. HP: 20/20 MP: 1/1
   122 | D:1      | Reached skill level 4 in Axes
   122 | D:1      | Reached XP level 2. HP: 20/27 MP: 2/2
   377 | D:1      | Reached XP level 3. HP: 13/33 MP: 3/3
   835 | D:2      | Reached skill level 5 in Axes
   980 | D:2      | Reached XP level 4. HP: 13/40 MP: 4/4
  1079 | D:2      | Gained mutation: You are weak. (Str -2) [potion of mutation]
  1079 | D:2      | Gained mutation: Your flesh is heat resistant. (rF+) [potion of mutation]
  1521 | D:3      | Noticed Quirk's ghost (amateur GrFi)
  1578 | D:3      | Killed Quirk's ghost
  1578 | D:3      | Reached skill level 6 in Axes
  1578 | D:3      | Reached XP level 5. HP: 25/46 MP: 4/4
  1688 | D:3      | Found a glowing silver altar of Zin.
  2016 | D:3      | Found a hazy altar of Hepliaklqana.
  2470 | D:4      | Noticed an ogre
  2565 | D:4      | Reached skill level 7 in Axes
  2613 | D:4      | Found a deep blue altar of Sif Muna.
  2749 | D:3      | Slain by an ogre

Skill      XL: |  1  2  3  4  5 |
---------------+----------------+-----
Axes           | 4 5 6 7 |  7.2
Fighting       | |  2.6
Dodging        | |  3.2
Stealth        | |  2.4

Action                   |  1- 3 |  4- 6 || total
-------------------------+-------+-------++-------
Melee: Hand axe          |   134 |   168 ||   302
 Abil: Heal Wounds       |       |     7 ||     7
  Use: Potion            |       |     5 ||     5
       Scroll            |       |     3 ||     3
 Stab: Sleeping          |     3 |     1 ||     4
  Eat: Chunk             |       |     8 ||     8
Armor: Robe              |     5 |       ||     5
       Ring mail         |    49 |    39 ||    88
       Skin              |       |    26 ||    26
Dodge: Dodged            |   111 |    82 ||   193
